 Dungeon Crawl Stone Soup version 0.28-a0-1506-g3893175d92 (webtiles) character file.

Game seed: 17178701161992729966

190 horus123 the Grave Robber (level 5, -7/28 HPs)
             Began as a Deep Elf Necromancer on Jan 13, 2022.
             Killed from afar by an orc wizard (10 damage)
             ... with a magic dart
             ... on level 2 of the Dungeon.
             The game lasted 00:05:10 (3246 turns).

horus123 the Grave Robber (Deep Elf Necromancer)    Turns: 3246, Time: 00:05:11

Health: -7/28      AC:  3    Str:  5    XL:     5   Next: 41%
Magic:  0/13       EV: 12    Int: 22    God:
Gold:   1031       SH:  5    Dex: 15    Spells: 4/12 levels left

rFire   + . .      SeeInvis .   g - +0 long sword (freeze)
rCold   . . .      Faith    .   (no shield)
rNeg    + . .      Spirit   .   i - +1 robe {rN+}
rPois   .          Reflect  +   (no helmet)
rElec   .          Harm     .   (no cloak)
rCorr   .          Rampage  .   (no gloves)
Will    .....                   (no boots)
Stlth   ++........              k - amulet of reflection
HPRegen 0.09/turn               f - ring of protection from fire
MPRegen 0.13/turn               (no ring)

@: no status effects
A: no striking features
a: no special abilities


You were on level 2 of the Dungeon.
You visited 1 branch of the dungeon, and saw 2 of its levels.

You collected 1031 gold pieces.

Inventory:

Hand Weapons
 g - a +0 long sword of freezing (weapon)
Armour
 a - a +0 robe
 i - a +1 robe of positive energy (worn)
Jewellery
 f - a ring of protection from fire (left hand)
 k - an amulet of reflection (around neck)
Scrolls
 c - 2 scrolls of fog
 d - 2 scrolls of noise
Potions
 b - a potion of flight
 e - 2 potions of mutation {unknown}
 h - 2 potions of degeneration {unknown}
 j - a potion of attraction {unknown}


   Skills:
 - Level 2.4 Dodging
 - Level 2.4 Stealth
 - Level 4.0 Spellcasting
 + Level 7.7 Necromancy


You had 4 spell levels left.
You knew the following spells:

 Your Spells              Type           Power      Damage    Failure   Level
a - Pain                  Necr           100%       1d9       1%          1
b - Vampiric Draining     Necr           38%        2d8       1%          3
c - Animate Dead          Necr           19%        N/A       4%          4

Your spell library contained the following spells:

 Spells                   Type           Power      Damage    Failure   Level
 Animate Skeleton         Necr           76%        N/A       1%          1
 Agony                    Necr           38%        N/A       13%         5


Dungeon Overview and Level Annotations

Branches:
Dungeon (2/15)

Altars:


Message History

The orc wizard casts a spell.
The orc wizard flickers and vanishes!
Deactivating autopickup; reactivate with Ctrl-A.
The jackal closely misses you.
You hit the jackal but do no damage. The jackal barely misses you.
The jackal bites you but does no damage.
Casting: Pain (safe; 1% risk of failure)
Confirm with . or Enter, or press ? or * to list all spells.
The spell is quite dangerous to miscast (4% risk of failure)!
Continue anyway?
You call on the dead to rise...
The dead are walking!
The jackal barely misses you.
You are too injured to fight recklessly!
Aiming: Pain (safe; 1% risk of failure)
Press: ? - help, Q - select action, (/) - cycle Shift-Dir - straight line, f - jackal
Aim: a jackal (chance to affect: 93%)
The jackal writhes in agony.
The jackal bites you.
Aiming: Pain (safe; 1% risk of failure)
Press: ? - help, Q - select action, (/) - cycle Shift-Dir - straight line, f/p - jackal
Aim: a jackal (lightly wounded, chance to affect: 93%)
The jackal writhes in agony.
You kill the jackal!
Your orc zombie closely misses the jackal.
Aiming: Pain (safe; 1% risk of failure)
Press: ? - help, Q - select action, (/) - cycle Shift-Dir - straight line, f - jackal
Aim: a jackal (chance to affect: 93%)
The jackal writhes in agony.
You kill the jackal!
The jackal bites your orc zombie.
Your orc zombie hits the jackal but does no damage.
You miss something.
The jackal closely misses your orc zombie.
Your orc zombie misses the jackal.
You hear some strange, mumbled words.
A magic dart appears from out of thin air!
The magic dart hits you.
* * * LOW HITPOINT WARNING * * *
A magic dart appears from out of thin air!
The magic dart hits you!
You die...

##... .. ....... ##...#.
..... .. ..< ..Z##..## ...
#hh...... ... #{# #.# #)#
#.### ##@## #...# ##...##
###.#.#### ##.....##
#........###.......##
##........##..>......####..
......♣....'.........'.....
##..♣♣.♣.............####..
#.....♣...##.......##
##.....♣...###.....#######


You could see 2 jackals and a friendly orc zombie.

Vanquished Creatures
  Jessica (D:2)
  Natasha (twice) (D:2)
  2 adders (D:2)
  3 gnolls (D:2)
  3 dart slugs
  6 orcs (D:2)
  4 endoplasms
  3 goblins
  5 hobgoblins
  7 jackals (D:2)
  2 kobolds (D:2)
  2 quokkas
  6 ball pythons
  6 bats
  4 frilled lizards
  2 rats (D:2)
58 creatures vanquished.

Vanquished Creatures (others)
  4 plants (D:2)
4 creatures vanquished.

Grand Total: 62 creatures vanquished

Notes
Turn   | Place    | Note
-------+----------+-------------------------------------------
     0 | D:1      | horus123 the Deep Elf Necromancer began the quest for the
                  | Orb.
     0 | D:1      | Reached XP level 1. HP: 10/10 MP: 6/6
   323 | D:1      | Reached XP level 2. HP: 4/15 MP: 3/9
   853 | D:1      | Reached skill level 5 in Necromancy
   982 | D:1      | Found a faded altar of an unknown god.
  1442 | D:2      | Reached XP level 3. HP: 16/19 MP: 6/10
  1446 | D:2      | Learned a level 3 spell: Vampiric Draining
  2006 | D:2      | Reached skill level 6 in Necromancy
  2094 | D:2      | Identified a scroll of acquirement
  2094 | D:2      | Acquired 921 gold pieces
  2333 | D:2      | Noticed Jessica
  2340 | D:2      | Killed Jessica
  2341 | D:2      | Reached XP level 4. HP: 15/24 MP: 4/12
  2450 | D:2      | Learned a level 4 spell: Animate Dead
  2726 | D:2      | Noticed Natasha
  2732 | D:2      | Killed Natasha
  2733 | D:2      | Reached skill level 7 in Necromancy
  2802 | D:2      | Noticed Natasha
  2806 | D:2      | Killed Natasha
  2807 | D:2      | Reached XP level 5. HP: 22/28 MP: 7/13
  3246 | D:2      | Killed from afar by an orc wizard

Illustrated notes

Levels and vault maps discovered:
D:1:      scummos_arrival_simple_crosswalls, layout_basic,
          nicolae_ecumenical_snake_handling, kennysheep_nondescript
D:2:      cheibrodos_old_hovel, layout_loops_corners, hangedman_feature_mirror,
          fountainhead, chequers_garden, kennysheep_generic_room_12,
          uniq_jessica, uniq_natasha

Skill      XL: |  1  2  3  4 |
---------------+-------------+-----
Spellcasting   | 4 |  4.0
Necromancy     | 5 6 7 |  7.7
Dodging        | |  2.4
Stealth        | |  2.4

Action                   |  1- 3 |  4- 6 || total
-------------------------+-------+-------++-------
Melee: Long sword        |     4 |     5 ||     9
 Cast: Pain              |    78 |    39 ||   117
       Vampiric Draining |     1 |     1 ||     2
       Animate Dead      |       |     1 ||     1
  Use: Scroll            |     5 |     1 ||     6
Armor: Robe              |     5 |     3 ||     8
Dodge: Dodged            |    15 |    12 ||    27
Block: Other             |       |     2 ||     2

Table legend: (Time is in decaauts)
 A = Elapsed time spent in this place.
 B = Non-inter-level travel time spent in this place.
 C = Inter-level travel time spent in this place.
 D = Time resting spent in this place.
 E = Time spent auto-exploring this place.
 F = Levels seen in this place.
 G = Mean time per level.
                   A        B        C        D        E       F      G
               +--------+--------+--------+--------+--------+-----+--------+
         Total |   3249 |   3236 |     13 |    648 |   2275 |   2 | 1624.5 |
       Dungeon |   3249 |   3236 |     13 |    648 |   2275 |   2 | 1624.5 |
               +--------+--------+--------+--------+--------+-----+--------+

Top non-repeatable levels by time:
     D:2: 1977 daAuts
     D:1: 1272 daAuts
